 Dungeon Crawl Stone Soup version 0.31-a0-263-ge8cad7f256 (webtiles) character file.

Game seed: 10126455106455316148

112 qw the Shooter (level 4, -4/36 HPs)
             Began as a Minotaur Hexslinger on July 13, 2023.
             Slain by a gnoll
             ... wielding a +0 spear
              (5 damage)
             ... on level 3 of the Dungeon.
             The game lasted 00:00:36 (1599 turns).

qw the Shooter (Minotaur Hexslinger)                Turns: 1599, Time: 00:00:37

Health: -4/36      AC:  5    Str: 13    XL:     4   Next: 63%
Magic:  4/4        EV: 11    Int: 10    God:
Gold:   64         SH:  0    Dex: 14    Spells: 4/5 levels left

rFire   . . .        Y - +2 sling (flame)
rCold   . . .        (no shield)
rNeg    . . .        e - +0 ring mail
rPois   .            (helmet restricted)
rElec   .            (no cloak)
rCorr   .            (no gloves)
SInv    .            (no boots)
Will    .....        g - amulet of the acrobat
Stlth   +            (no ring)
HPRegen 0.26/turn    (no ring)
MPRegen 0.09/turn

%: acrobat
@: no status effects
A: horns 2, retaliatory headbutt
a: no special abilities


You were on level 3 of the Dungeon.
You visited 1 branch of the dungeon, and saw 3 of its levels.

You collected 106 gold pieces.
You spent 42 gold pieces at shops.


Innate Abilities, Weirdness & Mutations

You have a pair of horns on your head.
You reflexively headbutt those who attack you in melee.


   Skills:
 + Level 2.0 Fighting
 - Level 5.0 Ranged Weapons
 - Level 1.2 Armour
 - Level 2.1 Dodging
 - Level 1.0 Spellcasting
 - Level 2.0 Hexes


You had 4 spell levels left.
You knew the following spells:

 Your Spells              Type           Power      Damage    Failure   Level
a - Slow                  Hex            16%        N/A       32%         1

Your spell library contained the following spells:

 Spells                   Type           Power      Damage    Failure   Level
 Inner Flame              Hex/Fire       2%         N/A       82%         3
 Portal Projectile        Hex/Tloc       4%         N/A       82%         3
 Cause Fear               Hex            2%         N/A       97%         4

Inventory:

Hand Weapons
 Y - a +2 sling of flaming (weapon)
Armour
 e - a +0 ring mail (worn)
Jewellery
 g - an amulet of the acrobat (around neck)
Scrolls
 b - 2 scrolls of teleportation {unknown}
 c - 2 scrolls of identify
 j - a scroll of enchant armour {unknown}
Potions
 d - a potion of lignification {unknown}
 f - a potion of haste {unknown}
 h - a potion of cancellation {unknown}
 i - a potion of berserk rage {unknown}

Dungeon Overview and Level Annotations

Branches:
Dungeon (3/15)

Altars:

Shops:
D:2 *


Message History

The gnoll barely misses you.
The gnoll hits you with a +0 whip of flaming.
The gnoll burns you.
You shoot a sling bullet.
The sling bullet closely misses the gnoll.
The gnoll closely misses you.
The gnoll hits you with a +0 whip of flaming!
The gnoll burns you. The gnoll closely misses you.
The gnoll completely misses you. You furiously retaliate!
You headbutt the gnoll! You shoot a sling bullet.
The sling bullet hits the gnoll.
The sling bullet burns the gnoll.
The gnoll is almost dead.
The gnoll closely misses you.
The gnoll hits you with a +0 whip of flaming.
The gnoll burns you.
You shoot a sling bullet. The sling bullet hits the gnoll.
The sling bullet burns the gnoll.
You kill the gnoll!
The gnoll hits you but does no damage.
Your Ranged Weapons skill increases to level 5!
You shoot a sling bullet. The sling bullet hits the gnoll.
The sling bullet burns the gnoll.
The gnoll is moderately wounded.
The gnoll barely misses you. The gnoll misses you.
You shoot a sling bullet. The sling bullet hits the gnoll.
The sling bullet burns the gnoll.
The gnoll is heavily wounded.
The gnoll hits you from afar with a +0 spear.
1596 ||| Stepping ~*~*~tactically~*~*~ (outnumbered).
You shoot a sling bullet.
The sling bullet closely misses the gnoll.
You shoot a sling bullet.
The sling bullet barely misses the gnoll.
The gnoll hits you from afar with a +0 spear.
You shoot a sling bullet. The sling bullet hits the gnoll.
The sling bullet burns the gnoll.
The gnoll is almost dead.
The gnoll hits you from afar with a +0 spear.
You die...

#######..#.#........
...........#..######
#######%.###..#
..........#
....#####.## ..##
#..# #.# ##.#
#######.###
........)@#
.......##.# .......
#gg?g.... .......
...##..##
..........>. ..
.......######
....... ....... ..


You could see 2 gnolls.

Vanquished Creatures
  2 gnolls (D:3)
  5 adders
  A worm (D:3)
  A dart slug (D:1)
  6 ball pythons
  3 bats
  5 endoplasms
  A giant cockroach (D:1)
  2 goblins (D:1)
  3 hobgoblins
  4 quokkas
  2 frilled lizards (D:1)
  2 kobolds (D:2)
  8 rats
45 creatures vanquished.

Notes
Turn   | Place    | Note
-------+----------+-------------------------------------------
     0 | D:1      | qw the Minotaur Hexslinger began the quest for the Orb.
     0 | D:1      | Reached XP level 1. HP: 16/16 MP: 1/1
     0 | D:1      | 0 ||| qw: Version: 0.3-a-52-g30416fa
     0 | D:1      | 0 ||| qw: Game counter: 7091
     0 | D:1      | 0 ||| qw: Melee chars always use a shield: true
     0 | D:1      | 0 ||| qw: God list: Okawaru
     0 | D:1      | 0 ||| qw: Allow faded altars: false
     0 | D:1      | 0 ||| qw: Do Orc after clearing Dungeon:15 true
     0 | D:1      | 0 ||| qw: Do second Lair branch before Depths: true
     0 | D:1      | 0 ||| qw: Lair rune preference: random
     0 | D:1      | 0 ||| qw: Goals: Normal
     0 | D:1      | 0 ||| PLANNING D:1-11
    27 | D:1      | Found a faded altar of an unknown god.
    57 | D:1      | 57 ||| DROPPING scroll of poison.
   158 | D:1      | Reached skill level 3 in Ranged Weapons
   158 | D:1      | Reached XP level 2. HP: 23/23 MP: 2/2
   964 | D:1      | 964 ||| UPGRADING to +0 ring mail.
   974 | D:1      | 974 ||| DROPPING +0 robe.
   975 | D:1      | 975 ||| UPGRADING to amulet of the acrobat.
   980 | D:1      | 980 ||| READING scroll labelled OFRIERCH VOCS.
   981 | D:1      | 981 ||| READING scroll labelled HEMPIG TOATUEGAG.
   982 | D:1      | 982 ||| DRINKING 2 dark potions.
   983 | D:1      | 983 ||| DROPPING potion of magic.
  1094 | D:2      | Reached XP level 3. HP: 29/29 MP: 3/3
  1180 | D:2      | Reached skill level 4 in Ranged Weapons
  1280 | D:2      | Reached skill level 1 in Armour
  1347 | D:2      | Found Sadushri's Assorted Antiques.
  1355 | D:2      | 1355 ||| BUYING black potion (14 gold).
  1355 | D:2      | Bought a black potion for 14 gold pieces
  1355 | D:2      | 1355 ||| BUYING fizzy inky potion (14 gold).
  1355 | D:2      | Bought a fizzy inky potion for 14 gold pieces
  1355 | D:2      | 1355 ||| BUYING glowing dark potion (14 gold).
  1355 | D:2      | Bought a glowing dark potion for 14 gold pieces
  1355 | D:2      | 1355 ||| SHOPLISTING golden ring (80 gold, have 58).
  1427 | D:2      | 1427 ||| READING scroll labelled PEWIMYIGHYE.
  1428 | D:2      | 1428 ||| READING 2 scrolls labelled HEAQEP YNURYO.
  1429 | D:2      | 1429 ||| DRINKING 2 fizzy inky potions.
  1451 | D:3      | 1451 ||| STAIRDANCE
  1483 | D:3      | Reached XP level 4. HP: 36/36 MP: 4/4
  1582 | D:3      | 1582 ||| Stepping ~*~*~tactically~*~*~ (outnumbered).
  1589 | D:3      | HP: 9/36 [gnoll/+0 whip of flaming (1)]
  1590 | D:3      | 1590 ||| DRINKING potion of heal wounds.
  1594 | D:3      | Reached skill level 5 in Ranged Weapons
  1595 | D:3      | HP: 6/36 [gnoll/+0 spear (2)]
  1596 | D:3      | 1596 ||| Stepping ~*~*~tactically~*~*~ (outnumbered).
  1598 | D:3      | HP: 1/36 [gnoll/+0 spear (6)]
  1599 | D:3      | Slain by a gnoll

Levels and vault maps discovered:
D:1:      heliophobic_arrival_battle_scene, layout_loops_ring,
          hellmonk_ecumenical_altar_crossroads, serial_co_window_serial,
          co_window_paths_a, co_window_corner_a, co_window_paths_b,
          co_window_paths_a, co_window_paths_a, co_window_2corner,
          co_window_2corner, co_window_broadway_b, co_window_broadway_a,
          co_window_corner_b, nrook_uturn
D:2:      layout_rooms, serial_shops, shop
D:3:      layout_rooms

Skill      XL: |  1  2  3  4 |
---------------+-------------+-----
Ranged Weapons | 3 4 5 |  5.0
Fighting       | 2 |  2.0
Armour         | 1 |  1.2
Dodging        | |  2.1
Spellcasting   | |  1.0
Hexes          | |  2.0

Action                     |  1- 3 |  4- 6 || total
---------------------------+-------+-------++-------
   Fire: Sling             |    90 |    30 ||   120
    Use: Scroll            |     4 |       ||     4
         Potion            |     2 |     1 ||     3
 Armour: Robe              |     3 |       ||     3
         Ring mail         |     7 |     2 ||     9
  Dodge: Dodged            |    17 |    11 ||    28

Table legend:
 A = Non-vault XP
 B = Vault XP
 C = Vault XP percentage of total XP
 D = Non-vault monster count
 E = Vault monster count
 F = Vault count percentage of total count
                 A         B        C        D         E       F
            +---------+---------+-------+---------+---------+-------
      Total |     160 |       0 |   0.0 |      45 |       0 |   0.0
            +---------+---------+-------+---------+---------+-------
        D:1 |      40 |       0 |   0.0 |      22 |       0 |   0.0
        D:2 |      56 |       0 |   0.0 |      16 |       0 |   0.0
        D:3 |      64 |       0 |   0.0 |       7 |       0 |   0.0
            +---------+---------+-------+---------+---------+-------
